 Dungeon Crawl Stone Soup version 0.22.1-6-g1668fe2 (webtiles) character file.

54644 dvd the Quickloader (level 15, -9/93 HPs)
             Began as a Kobold Hunter on Jan 29, 2019.
             Was a High Priest of Okawaru.
             Killed by divine providence
             ... invoked by a meliai
              (12 damage)
             ... on level 13 of the Dungeon.
             The game lasted 01:43:42 (27248 turns).

dvd the Quickloader (Kobold Hunter)                Turns: 27248, Time: 01:43:43

Health: -9/93      AC: 32    Str: 23    XL:     15   Next: 14%
Magic:  34/37      EV: 15    Int: 18    God:    Okawaru [*****.]
Gold:   1260       SH:  9    Dex: 16    Spells: 26/32 levels left

rFire    . . .     SeeInvis +   a - +8 hand crossbow
rCold    + . .     Gourm    .   v - +3 buckler
rNeg     . . .     Faith    .   w - +11 chain mail of Gozag's Envy {Str+2 Int+4}
rPois    .         Spirit   .   P - +2 helmet {SInv}
rElec    .         Reflect  .   K - +2 cloak {+Inv}
rCorr    .         Harm     .   r - +1 pair of gloves
MR       ++...                  H - +2 pair of boots {Stlth+}
Stlth    ..........             D - amulet of regeneration
HPRegen  0.65/turn              o - ring "Naptacra" {rC+ MP+9 Str+7}
MPRegen  0.25/turn              t - ring of protection from magic

@: lethally poisoned (-9 -> -11), heavily drained
A: small, carnivore
a: Heroism, Finesse, Renounce Religion, Evoke Invisibility


You were on level 13 of the Dungeon.
You worshipped Okawaru.
Okawaru was extremely pleased with you.
You were completely stuffed.

You visited 4 branches of the dungeon, and saw 22 of its levels.
You also visited: Labyrinth.

You collected 2688 gold pieces.
You spent 1428 gold pieces at shops.

Inventory:

Hand Weapons
 a - a +8 hand crossbow (weapon)
 b - a +3 short sword of speed
 s - a +2 vampiric short sword
 A - a +2 short sword of draining
 E - a +0 short sword of electrocution
 N - the +0 dagger "Beetlebane" {pierce, +Blink rF+}
   (Okawaru gifted it to you on level 6 of the Lair of Beasts)

   It inflicts extra damage upon your enemies.
   It protects you from fire.
   It lets you blink.
 O - a +2 long sword of holy wrath
Missiles
 d - 136 bolts (quivered)
Armour
 r - a +1 pair of gloves (worn)
 v - a +3 buckler (worn)
 w - the +11 chain mail of Gozag's Envy (worn) {Str+2 Int+4}
   (You found it on level 10 of the Dungeon)

   It affects your strength (+2).
   It affects your intelligence (+4).
 H - a +2 pair of boots of stealth (worn)
 K - a +2 cloak of invisibility (worn)
 P - a +2 helmet of see invisible (worn)
 Q - a scarf of repulsion
Jewellery
 n - an uncursed ring of poison resistance
 o - the ring "Naptacra" (left hand) {rC+ MP+9 Str+7}
   (You found it in a labyrinth)

   [ring of magical power]

   It affects your strength (+7).
   It protects you from cold.
   It affects your magic capacity (+9).
 t - a ring of protection from magic (right hand)
 u - an uncursed ring of magical power
 D - an amulet of regeneration (around neck)
 I - an uncursed ring of resist corrosion
 S - a +3 ring of protection {unknown}
Wands
 e - a wand of clouds (5)
 q - a wand of iceblast (23)
 x - a wand of disintegration (10)
 z - a wand of random effects (31)
 F - a wand of scattershot (7)
 G - a wand of flame (13)
 J - a wand of digging (16)
 M - a wand of paralysis (10)
Scrolls
 c - 2 scrolls of magic mapping
 g - 5 scrolls of fog
 h - 6 scrolls of amnesia
 j - 8 scrolls of teleportation
 l - 9 scrolls of remove curse
 y - 11 scrolls of identify
 L - 6 scrolls of blinking
Potions
 i - 5 potions of heal wounds
 k - a potion of cancellation
 m - 8 potions of curing
 p - a potion of haste
 B - 3 potions of might
 C - a potion of ambrosia
Comestibles
 f - 37 rations
 R - 4 chunks of flesh


   Skills:
 + Level 10.7(9.1) Fighting
 + Level 11.9(10.2) Short Blades
 + Level 13.3(11.5) Crossbows
 + Level 6.8(5.4) Armour
 * Level 10.3(8.6) Dodging
 + Level 4.0(2.6) Stealth
 + Level 4.8(3.4) Shields
 + Level 9.4(7.8) Spellcasting
 + Level 0.4(0.0) Conjurations
 * Level 1.0(0.0) Charms
 * Level 1.0(0.0) Necromancy
 + Level 9.3(7.7) Translocations
 + Level 1.0(0.0) Air Magic
 + Level 2.4(1.1) Invocations
 + Level 1.0(0.0) Evocations


You had 26 spell levels left.
You knew the following spells:

 Your Spells              Type           Power        Failure   Level  Hunger
a - Blink                 Tloc           N/A          5%          2    None
b - Shock                 Conj/Air       #...         65%         1    None
c - Regeneration          Chrm/Necr      #.........   95%         3    #......

Your spell library contained the following spells:

 Spells                   Type           Power        Failure   Level  Hunger
 Animate Skeleton         Necr           N/A          65%         1    None
 Flame Tongue             Conj/Fire      #....        65%         1    None
 Magic Dart               Conj           #...         65%         1    None
 Pain                     Necr           #...         65%         1    None
 Call Imp                 Summ           #.......     78%         2    None
 Poisonous Vapours        Pois/Air       #.....       78%         2    None
 Slow                     Hex            #.......     78%         2    None
 Swiftness                Chrm/Air       #.......     78%         2    None
 Throw Flame              Conj/Fire      #.....       78%         2    None
 Conjure Flame            Conj/Fire      #.......     95%         3    #......
 Inner Flame              Hex/Fire       #.......     95%         3    #......
 Mephitic Cloud           Conj/Pois/Air  #.......     95%         3    #......
 Static Discharge         Conj/Air       #.......     95%         3    #......
 Vampiric Draining        Necr           #.........   95%         3    #......
 Airstrike                Air            #.........   100%        4    ###....
 Animate Dead             Necr           N/A          100%        4    ###....
 Sticky Flame             Conj/Fire      #.......     100%        4    ###....
 Fireball                 Conj/Fire      #.........   100%        5    #####..
 Irradiate                Conj/Tmut      #.........   100%        5    #####..
 Lightning Bolt           Conj/Air       #.........   100%        5    #####..
 Freezing Cloud           Conj/Ice/Air   #.........   100%        6    ######.
 Hydra Form               Tmut           #.........   100%        6    ######.
 Statue Form              Tmut/Erth      #........    100%        6    ######.
 Dragon Form              Tmut           #.........   100%        7    #######
 Haunt                    Necr/Summ      #.........   100%        7    #######
 Ring of Flames           Chrm/Fire      #.........   100%        7    #######
 Borgnjor's Revivificati  Necr           #.........   100%        8    #######
 Death's Door             Chrm/Necr      #.........   100%        8    #######
 Infestation              Necr           #.........   100%        8    #######
 Necromutation            Tmut/Necr      #.........   100%        8    #######


Dungeon Overview and Level Annotations

Branches:
Dungeon (13/15)            Temple (1/1) D:6            Lair (6/6) D:8
 Shoals (0/4) Lair:2       Spider (0/4) Lair:3        Slime (0/5) Lair:5
    Orc (2/2) D:11            Elf (0/3) Orc:2
 Vaults: D:13-14

Altars:
Ashenzari
Cheibriados
Dithmenos
Elyvilon
Fedhas
Gozag
Hepliaklqana
Kikubaaqudgha
Makhleb
Nemelex Xobeh
Okawaru
Qazlal
Ru
Sif Muna
Trog
Uskayaw
Vehumet
Wu Jian
Xom
Yredelemnul
Zin
The Shining One
Beogh
Lugonu

Shops:
D:11 [   Orc:1 *   Orc:2 }?[??

Annotations:
D:11 1 runed door, matthes123's ghost, journeyman HOFi
Lair:1 Sonja


Innate Abilities, Weirdness & Mutations

You are small and have problems with some larger weapons.
You are carnivorous and can eat meat at any time.


Message History

The meliai barely misses you.
The meliai stings you but does no damage.
The meliai calls down the wrath of its god upon you.
Something smites you! You block the meliai's attack. The meliai misses you.
The meliai invokes the aid of its god against you.
Something smites you!
* * * LOW HITPOINT WARNING * * *
There is a stone staircase leading up here.
The meliai hits you with an enchanted war axe.
* * * LOW HITPOINT WARNING * * *
The meliai stings you.
* * * LOW HITPOINT WARNING * * *
You are poisoned.
The meliai poisons you!
The meliai mumbles some strange prayers to its god against you.
Something smites you!
* * * LOW HITPOINT WARNING * * *
The meliai mumbles some strange prayers to its god against you.
Something smites you!
You die...

############ #..
#..........# #..
#..........# #.. #..#
#..........# #.. #..#
#.########.# #..####..#
#.#≈≈≈≈≈≈#.# #........#
#@#≈#..#≈#.# ####........#
#y#≈.##.≈#.#
............####y#≈.##.≈###
............W..y.#≈#..#≈#
####...........Z.#≈≈..≈≈#
#........####.###''###
#........# #..#...#####
####.......(# #..........#
............# #..........#


You could see 3 meliai and a centaur warrior zombie.

Vanquished Creatures
  A minotaur (Lab)
  Snorg (Lair:3)
  An ettin (Orc:2)
  The ghost of emiel the Spear-Bearer, a journeyman CeGl of Hepliaklqana (Lair:6)
  A fire dragon (Lair:6)
  Erolcha (Orc:2)
  An ice dragon (Lair:6)
  Harold (D:8)
  5 hydras
  Erica (D:9)
  A two-headed ogre (D:13)
  A death yak (D:7)
  An orc high priest (Orc:1)
  3 ogre magi (Orc:2)
  Nergalle (Orc:2)
  A swamp dragon (Lair:6)
  Pikel (D:6)
  A deep elf mage (D:13)
  2 lindwurms (Lair:6)
  3 ugly things
  8 orc sorcerers
  2 cyclopes
  4 oklob plants
  A merfolk siren (Lair:2)
  9 spiny frogs
  5 black mambas
  A gargoyle (D:11)
  5 torpor snails (Lair:6)
  2 rime drakes
  6 komodo dragons
  A merfolk (Lair:2)
  3 polar bears
  8 hornets
  A troll (D:11)
  3 tyrant leeches (Lair:6)
  3 blink frogs (Lair:5)
  10 hippogriffs
  A spriggan (D:7)
  2 wyverns
  5 basilisks
  2 hungry ghosts
  3 vampire mosquitoes (D:13)
  2 chaos spawn (D:9)
  4 steam dragons
  19 yaks
  4 acid dragons
  12 water moccasins
  8 porcupines
  4 sky beasts
  An ice beast (D:10)
  12 orc warriors
  9 ogres
  A black bear (D:13)
  2 necrophages
  A phantom (D:10)
  5 wolves (Lair:6)
  5 centaurs
  3 big kobolds
  17 crocodiles
  16 bullfrogs
  A gnoll sergeant (Orc:1)
  6 killer bees
  6 scorpions
  13 wights
  2 electric eels
  2 lava snakes (Lair:3)
  A howler monkey (D:9)
  4 crimson imps
  2 centaur zombies
  2 hounds
  6 jellies
  A quasit (D:6)
  5 orc priests
  Crazy Yiuf (D:7)
  5 bullfrog skeletons
  3 centaur skeletons
  3 iguanas
  34 orc wizards
  2 worker ants
  A killer bee zombie (D:8)
  A hound zombie (D:6)
  A worker ant zombie (D:5)
  12 gnolls
  10 adders
  4 shadow imps
  3 oozes
  An adder zombie (D:5)
  3 worms
  A dart slug (D:1)
  3 leopard geckos
  54 orcs
  7 bats
  9 giant cockroaches
  11 hobgoblins
  9 jackals
  A quokka (D:4)
  3 frilled lizards
  6 goblins
  A jackal skeleton (D:7)
  18 kobolds
  5 rats
  3 fungi (Lair:5)
  4 plants
509 creatures vanquished.

Vanquished Creatures (others)
  A porcupine (Lair:5)
  An ogre (Orc:2)
  An orc (Orc:2)
  12 fungi
  16 plants
31 creatures vanquished.

Grand Total: 540 creatures vanquished

Notes
Turn   | Place    | Note
-------+----------+-------------------------------------------
     0 | D:1      | dvd the Kobold Hunter began the quest for the Orb.
     0 | D:1      | Reached XP level 1. HP: 12/12 MP: 1/1
    72 | D:1      | Reached skill level 5 in Crossbows
    87 | D:1      | Reached XP level 2. HP: 9/18 MP: 2/2
   552 | D:1      | Reached XP level 3. HP: 22/22 MP: 3/3
   974 | D:2      | Reached skill level 1 in Short Blades
   978 | D:2      | Reached XP level 4. HP: 27/27 MP: 4/4
  1111 | D:2      | Reached skill level 1 in Armour
  1217 | D:2      | Found a sparkling altar of Nemelex Xobeh.
  1220 | D:2      | Found a white marble altar of Elyvilon.
  1222 | D:2      | Found a shadowy altar of Dithmenos.
  1222 | D:2      | Found a hazy altar of Hepliaklqana.
  1238 | D:2      | Found a burning altar of Makhleb.
  1238 | D:2      | Found a bloodstained altar of Trog.
  1294 | D:2      | Reached XP level 5. HP: 32/32 MP: 5/5
  1457 | D:2      | Reached skill level 6 in Crossbows
  1904 | D:3      | Reached XP level 6. HP: 37/37 MP: 6/6
  2111 | D:3      | Reached skill level 7 in Crossbows
  2512 | D:3      | Found a bloodstained altar of Trog.
  3047 | D:4      | Learned a level 2 spell: Blink
  3573 | D:4      | Found a hide-covered altar of Uskayaw.
  3891 | D:5      | Entered Level 5 of the Dungeon
  3948 | D:5      | Reached XP level 7. HP: 41/42 MP: 7/7
  3955 | D:5      | Got a pitted dagger
  3956 | D:5      | Identified the cursed +1 dagger "Jocaj" {speed, Str+3} (You
                  | found it on level 5 of the Dungeon)
  4024 | D:5      | Found a shattered altar of Ashenzari.
  4413 | D:5      | Found a basalt altar of Yredelemnul.
  4482 | D:5      | Found an ancient bone altar of Kikubaaqudgha.
  4552 | D:5      | Reached skill level 1 in Spellcasting
  4963 | D:5      | Reached XP level 8. HP: 48/48 MP: 9/9
  5243 | D:6      | Reached skill level 8 in Crossbows
  5420 | D:6      | Found a staircase to the Ecumenical Temple.
  5442 | Temple   | Entered the Ecumenical Temple
  6108 | D:7      | Reached skill level 5 in Short Blades
  6399 | D:7      | Found a runed door.
  6403 | D:7      | Noticed Crazy Yiuf
  6423 | D:7      | Killed Crazy Yiuf
  6509 | D:7      | Noticed a spriggan baker
  6523 | D:7      | Killed a spriggan baker
  6523 | D:7      | Reached skill level 5 in Fighting
  6523 | D:7      | Reached skill level 1 in Translocations
  6523 | D:7      | Reached XP level 9. HP: 49/54 MP: 3/11
  6610 | D:7      | Found a snail-covered altar of Cheibriados.
  6769 | D:7      | Reached skill level 9 in Crossbows
  7015 | D:7      | Noticed Pikel
  7238 | D:6      | Killed Pikel
  7522 | D:8      | Noticed a death yak
  7525 | D:8      | Noticed Harold
  7569 | D:7      | Killed a death yak
  7569 | D:7      | Reached skill level 10 in Crossbows
  7569 | D:7      | Reached skill level 5 in Dodging
  7569 | D:7      | Reached XP level 10. HP: 60/60 MP: 9/16
  7680 | D:8      | Found an ornate altar of the Wu Jian Council.
  7744 | D:8      | Found a deep blue altar of Sif Muna.
  7889 | D:8      | Noticed a death yak
  7897 | D:8      | Noticed a death yak
  8674 | D:8      | Killed Harold
  8674 | D:8      | Reached skill level 5 in Spellcasting
  8981 | D:8      | Found a staircase to the Lair.
  9442 | D:9      | Reached skill level 1 in Shields
  9797 | D:9      | Noticed Erica
  9823 | D:9      | Killed Erica
  9823 | D:9      | Reached skill level 11 in Crossbows
 10110 | D:9      | Reached XP level 11. HP: 51/66 MP: 19/19
 10230 | D:9      | Found an iron altar of Okawaru.
 10235 | D:9      | Became a worshipper of Warmaster Okawaru
 10290 | D:9      | Found the +7 mace of Variability {chain chaos}
 10293 | D:9      | Found a shimmering altar of Xom.
 10298 | D:9      | Noticed a cyclops
 10317 | D:9      | Killed a cyclops
 11171 | D:10     | Entered Level 10 of the Dungeon
 11392 | D:10     | Got a fine chain mail
 11394 | D:10     | Identified the +11 chain mail of Gozag's Envy {Str+2 Int+4}
                  | (You found it on level 10 of the Dungeon)
 11671 | D:10     | Reached * piety under Okawaru
 11927 | D:10     | Reached skill level 5 in Translocations
 12118 | D:11     | Found a staircase to the Orcish Mines.
 12488 | D:11     | Reached ** piety under Okawaru
 12493 | D:11     | Found a runed door.
 12497 | D:11     | Noticed matthes123's ghost (journeyman HOFi)
 12510 | D:11     | Noticed a green ugly thing
 12511 | D:11     | Noticed a green ugly thing
 12544 | D:11     | Killed a cyan ugly thing
 12573 | D:11     | Killed a green ugly thing
 12656 | D:11     | Found Gotwuama's Armour Boutique.
 12665 | D:11     | Bought a +2 pair of boots of stealth for 322 gold pieces
 13186 | Lair:1   | Entered Level 1 of the Lair of Beasts
 13293 | Lair:1   | Found a labyrinth entrance.
 13319 | Lab      | Entered a labyrinth
 15503 | Lab      | Noticed a minotaur
 15519 | Lab      | Killed a minotaur
 15519 | Lab      | Reached *** piety under Okawaru
 15519 | Lab      | Reached XP level 12. HP: 60/74 MP: 19/21
 15521 | Lab      | Got a bound platinum ring
 15523 | Lab      | Identified the ring "Naptacra" {rC+ MP+9 Str+7} (You found
                  | it in a labyrinth)
 15917 | Lair:1   | Noticed Sonja
 15919 | Lair:1   | Paralysed by Sonja for 4 turns
 15925 | Lair:1   | Paralysed by Sonja for 5 turns
 15937 | Lair:1   | Paralysed by Sonja for 5 turns
 15946 | Lair:1   | Paralysed by Sonja for 6 turns
 16263 | Lair:1   | Reached skill level 10 in Short Blades
 16263 | Lair:1   | Reached skill level 1 in Evocations
 16685 | Lair:2   | Received a gift from Okawaru
 16792 | Lair:2   | Found a staircase to the Shoals.
 17154 | Lair:2   | Reached skill level 5 in Armour
 17302 | Lair:2   | Noticed a five-headed hydra
 17868 | Lair:3   | Noticed Snorg
 17880 | Lair:3   | Killed Snorg
 17886 | Lair:3   | Reached skill level 1 in Invocations
 17890 | Lair:3   | Reached **** piety under Okawaru
 18239 | Lair:3   | Found a hole to the Spider Nest.
 18824 | Lair:4   | Received a gift from Okawaru
 18877 | Lair:4   | Noticed an eight-headed hydra
 18883 | Lair:4   | Killed an eight-headed hydra
 18883 | Lair:4   | Reached skill level 12 in Crossbows
 19043 | Lair:4   | Noticed an eight-headed hydra
 19048 | Lair:4   | Killed an eight-headed hydra
 19048 | Lair:4   | Reached ***** piety under Okawaru
 19048 | Lair:4   | Reached XP level 13. HP: 79/79 MP: 24/24
 19214 | Lair:4   | Noticed a seven-headed hydra
 19222 | Lair:4   | Killed a seven-headed hydra
 20511 | Lair:5   | Received a gift from Okawaru
 20782 | Lair:5   | Received a gift from Okawaru
 20965 | Lair:5   | Found a staircase to the Slime Pits.
 21272 | Lair:6   | Entered Level 6 of the Lair of Beasts
 21284 | Lair:6   | Found a runed door.
 21293 | Lair:6   | Noticed emiel's ghost (journeyman CeGl)
 21375 | Lair:6   | Noticed a four-headed hydra
 21398 | Lair:6   | Killed a four-headed hydra
 21398 | Lair:6   | Received a gift from Okawaru
 21602 | Lair:6   | Received a gift from Okawaru
 21605 | Lair:6   | Got an ivory spear {god gift}
 21606 | Lair:6   | Identified the +1 spear "Otinucy" {vamp, rPois Str+5 Int-5
                  | Dex+2} (Okawaru gifted it to you on level 6 of the Lair of
                  | Beasts)
 22017 | Lair:6   | Found a runed door.
 22070 | Lair:6   | Paralysed by a hornet for 1 turns
 22161 | Lair:6   | Noticed an ice dragon
 22174 | Lair:6   | Killed an ice dragon
 22174 | Lair:6   | Reached XP level 14. HP: 49/87 MP: 26/26
 22758 | Lair:6   | Reached skill level 10 in Fighting
 23068 | Lair:6   | Received a gift from Okawaru
 23071 | Lair:6   | Got a twisted dagger {god gift}
 23072 | Lair:6   | Identified the +0 dagger "Beetlebane" {pierce, +Blink rF+}
                  | (Okawaru gifted it to you on level 6 of the Lair of Beasts)
 23510 | Lair:6   | Killed emiel's ghost
 23821 | Orc:1    | Entered Level 1 of the Orcish Mines
 23926 | Orc:1    | Found Riphar's Assorted Antiques.
 23955 | Orc:1    | Reached skill level 13 in Crossbows
 24209 | Orc:1    | Received a gift from Okawaru
 24463 | Orc:2    | Entered Level 2 of the Orcish Mines
 24500 | Orc:2    | Found a roughly hewn altar of Beogh.
 24755 | Orc:2    | Paralysed by an orc sorcerer for 7 turns
 24853 | Orc:2    | Found Dejauw's Magic Scroll Shop.
 24883 | Orc:2    | Found a radiant altar of Vehumet.
 24883 | Orc:2    | Noticed Erolcha
 25097 | Orc:2    | Found a staircase to the Elven Halls.
 25099 | Orc:2    | Found Godelyab's Magic Scroll Shop.
 25107 | Orc:2    | Found a roughly hewn altar of Beogh.
 25251 | Orc:2    | Learned a level 1 spell: Shock
 25482 | Orc:2    | Killed Erolcha
 25482 | Orc:2    | Reached skill level 10 in Dodging
 25545 | Orc:2    | Received a gift from Okawaru
 25608 | Orc:2    | Noticed Nergalle
 25635 | Orc:2    | Killed Nergalle
 25739 | Orc:2    | Reached XP level 15. HP: 80/93 MP: 28/28
 25787 | Orc:2    | Found Cedyischo's Antique Armour Boutique.
 25787 | Orc:2    | Found a roughly hewn altar of Beogh.
 25794 | Orc:2    | Found Hiugrugi's Gadget Boutique.
 25794 | Orc:2    | Found Egietuw's Magic Scroll Shop.
 25923 | Orc:2    | Found an ancient bone altar of Kikubaaqudgha.
 25946 | Orc:2    | Bought a scroll of enchant armour for 82 gold pieces
 25946 | Orc:2    | Bought a scroll of blinking for 82 gold pieces
 25946 | Orc:2    | Bought a scroll of enchant weapon for 82 gold pieces
 25946 | Orc:2    | Bought a scroll of blinking for 82 gold pieces
 25946 | Orc:2    | Bought a scroll of blinking for 82 gold pieces
 25964 | Orc:2    | Bought a runed cloak for 240 gold pieces
 26254 | Orc:1    | You fall through a shaft!
 26260 | Orc:2    | Bought 2 scrolls of blinking for 240 gold pieces
 26260 | Orc:2    | Bought a scroll of teleportation for 48 gold pieces
 26260 | Orc:2    | Bought a scroll of blinking for 120 gold pieces
 26260 | Orc:2    | Bought a scroll of teleportation for 48 gold pieces
 26801 | D:12     | Learned a level 3 spell: Regeneration
 27123 | D:13     | Reached skill level 1 in Air Magic
 27146 | D:13     | Reached skill level 1 in Necromancy
 27155 | D:13     | Reached skill level 1 in Charms
 27248 | D:13     | HP: 3/93 [meliai/divine providence (13)]
 27248 | D:13     | Killed from afar by a meliai

Skill      XL: |  1  2  3  4  5  6  7  8  9 10 11 12 13 14 15 |
---------------+----------------------------------------------+-----
Crossbows      | 5 6 7 8 10 11 12 13 | 13.3
Short Blades   | 1 2 3 4 5 6 7 9 10 11 | 11.9
Fighting       | 3 4 5 6 8 9 10 | 10.7
Armour         | 1 2 3 4 5 6 |  6.8
Dodging        | 3 4 5 6 8 10 | 10.3
Spellcasting   | 1 4 5 6 7 8 9 |  9.4
Stealth        | 2 3 4 |  4.0
Translocations | 1 2 4 5 7 8 9 |  9.3
Shields        | 1 2 4 |  4.8
Evocations     | 1 |  1.0
Invocations    | 1 2 |  2.4
Air Magic      | 1 |  1.0
Necromancy     | 1 |  1.0
Charms         | 1 |  1.0
Conjurations   | |  0.4

Action                   |  1- 3 |  4- 6 |  7- 9 | 10-12 | 13-15 || total
-------------------------+-------+-------+-------+-------+-------++-------
Melee: Short sword       |     9 |    72 |   142 |   351 |   579 ||  1153
 Fire: Hand crossbow     |    40 |    97 |   150 |   468 |   796 ||  1551
 Cast: Blink             |       |       |    18 |    76 |   118 ||   212
       Shock             |       |       |       |       |     3 ||     3
Invok: Heroism           |       |       |       |    13 |    24 ||    37
       Finesse           |       |       |       |       |     2 ||     2
Evoke: Wand              |       |       |       |     8 |     2 ||    10
  Use: Scroll            |       |       |    18 |    11 |     5 ||    34
       Potion            |       |       |       |    13 |     2 ||    15
 Stab: Sleeping          |       |       |       |     1 |       ||     1
       Paralysed         |       |       |       |       |     1 ||     1
  Eat: Chunk             |     8 |     5 |    12 |    42 |    34 ||   101
       Ration            |       |       |     1 |     1 |       ||     2
Armor: Leather armour    |     9 |    15 |    39 |     9 |       ||    72
       Chain mail        |       |       |       |   153 |   255 ||   408
Dodge: Dodged            |    20 |    66 |   110 |   208 |   335 ||   739
Block: Buckler           |       |       |     7 |   134 |   263 ||   404
